[ AOE2 MATCH · #458418463 ]
UnrankedEthiopians vs Japanese
[ REPLAY ANALYSIS · EXTRACTED FROM THE RECORDED GAME ]
Feudal
11:43
Castle
18:26
Imperial
—
| APM avg | 12.5 |
| APM peak | 28 |
| eAPM avg | 7.2 |
| Villagers / military | 34 / 44 |
Focus
⚔️ 24.4% · 🌾 75.6%
Archer ×36 · Fishing Ship ×10 · Spearman ×4 · Battering Ram ×2 · Demolition Raft ×2
Feudal
11:49
Castle
15:43
Imperial
—
| APM avg | 28.8 |
| APM peak | 53 |
| eAPM avg | 16.3 |
| Villagers / military | 111 / 1 |
Focus
⚔️ 19.0% · 🌾 81.0%
Fishing Ship ×15 · Demolition Raft ×1
Feudal
12:12
Castle
16:12
Imperial
27:32
| APM avg | 26.7 |
| APM peak | 71 |
| eAPM avg | 13.4 |
| Villagers / military | 73 / 45 |
Focus
⚔️ 18.7% · 🌾 81.3%
Samurai ×17 · Fishing Ship ×16 · Fire Galley ×14 · Spearman ×8 · Trebuchet (Packed) ×6
Feudal
14:09
Castle
18:40
Imperial
—
| APM avg | 11.6 |
| APM peak | 26 |
| eAPM avg | 6.5 |
| Villagers / military | 66 / 9 |
Focus
⚔️ 12.7% · 🌾 87.3%
Genoese Crossbowman ×8 · Fishing Ship ×7 · Fire Galley ×1
Feudal
13:39
Castle
18:26
Imperial
—
| APM avg | 25.3 |
| APM peak | 42 |
| eAPM avg | 15.8 |
| Villagers / military | 130 / 0 |
Focus
⚔️ 14.2% · 🌾 85.8%
Feudal
12:12
Castle
18:25
Imperial
—
| APM avg | 26.6 |
| APM peak | 55 |
| eAPM avg | 16.1 |
| Villagers / military | 60 / 24 |
Focus
⚔️ 23.5% · 🌾 76.5%
Fishing Ship ×17 · Unknown (2626) ×12 · Cavalry Archer ×10 · War Wagon ×9 · Battering Ram ×3 · Fire Galley ×2
Feudal
11:42
Castle
—
Imperial
—
| APM avg | 20.4 |
| APM peak | 59 |
| eAPM avg | 12.0 |
| Villagers / military | 43 / 54 |
Focus
⚔️ 39.8% · 🌾 60.2%
Fire Galley ×32 · Fishing Ship ×24 · Demolition Raft ×22
Feudal
9:39
Castle
13:27
Imperial
—
| APM avg | 27.0 |
| APM peak | 50 |
| eAPM avg | 16.2 |
| Villagers / military | 57 / 37 |
Focus
⚔️ 24.6% · 🌾 75.4%
Fishing Ship ×35 · Spearman ×15 · Karambit Warrior ×15 · Unknown (2626) ×10 · Battering Ram ×5 · Archer ×1
Match map
Initial resources + every placement click. Lines = walls · curves = elevation contours. ◆ gold · ⬟ stone · ● berries · ✦ relic · ◌ wall gap
Your base· ✓ Closed at 18:26 · 0t walls · 1 gate(s)
Alvarooo18's base· ✓ Map-separated
SanjiJose's base· ✓ Map-separated
NIGHTMARE FLARE's base· ✓ Closed at 18:40 · 1t walls · 1 gate(s)
Libo's base· Open — 1t gap
ebag876's base· ✓ Map-separated
uliiisssesss's base· Open — 2t gap
肥肥鲨's base· ✓ Map-separated
Smoothed initial terrain · ◌ = detected wall gap · hover for details
Inputs per minute
— Chocapic - - Alvarooo18
Build order — Chocapic
115 actions detected in the replay
| 1:31 | Build | Dock |
| 2:04 | Build | Town Center |
| 2:31 | Build | House |
| 2:49 | Build | House |
| 3:11 | Create | Villager (Male) |
| 3:12 | Create | Villager (Male) |
| 3:12 | Create | Villager (Male) |
| 3:12 | Create | Villager (Male) |
| 3:13 | Create | Villager (Male) |
| 4:05 | Create | Fishing Ship |
| 4:29 | Create | Fishing Ship |
| 5:00 | Create | Fishing Ship |
| 5:06 | Create | Fishing Ship |
| 5:17 | Create | Villager (Male) |
| 5:29 | Create | Fishing Ship |
| 5:59 | Build | House |
| 6:18 | Create | Villager (Male) |
| 6:31 | Build | House |
| 6:36 | Build | House |
| 6:42 | Create | Villager (Male) |
| 6:55 | Research | Loom |
| 6:59 | Create | Fishing Ship |
| 7:33 | Create | Villager (Male) |
| 7:35 | Create | Villager (Male) |
| 8:01 | Build | House |
| 8:13 | Create | Fishing Ship |
| 8:13 | Create | Fishing Ship |
| 9:13 | Build | House |
| 9:15 | Build | House |
| 9:26 | Build | Palisade Gate |
| 9:33 | Research | Feudal Age |
| 9:41 | Create | Fishing Ship |
| 9:52 | Create | Fishing Ship |
| 10:25 | Build | Mining Camp |
| 10:57 | Build | Mill |
| 11:34 | Build | Lumber Camp |
| 11:43 | Age | Feudal Age |
| 11:47 | Create | Villager (Male) |
| 11:48 | Create | Villager (Male) |
| 11:50 | Create | Villager (Male) |
| 11:50 | Create | Villager (Male) |
| 12:13 | Build | House |
| 12:27 | Research | Double-Bit Axe |
| 12:32 | Create | Demolition Raft |
| 12:32 | Create | Demolition Raft |
| 12:53 | Research | Gold Mining |
| 13:27 | Build | Blacksmith |
| 13:36 | Build | House |
| 13:48 | Create | Villager (Male) |
| 13:49 | Create | Villager (Male) |
| 14:25 | Build | Mining Camp |
| 14:40 | Build | Market |
| 15:21 | Create | Villager (Male) |
| 15:30 | Research | Castle Age |
| 16:03 | Build | Barracks |
| 16:08 | Build | House |
| 16:45 | Build | Farm |
| 16:46 | Build | Farm |
| 16:46 | Build | Farm |
| 16:47 | Build | Farm |
| 16:49 | Build | Farm |
| 16:50 | Build | Farm |
| 17:15 | Build | Farm |
| 17:39 | Build | Farm |
| 18:26 | Age | Castle Age |
| 18:29 | Create | Villager (Male) |
| 18:30 | Create | Villager (Male) |
| 18:40 | Create | Villager (Male) |
| 18:41 | Create | Villager (Male) |
| 18:41 | Create | Villager (Male) |
| 18:53 | Build | Archery Range |
| 19:36 | Build | Town Center |
| 20:29 | Build | Mining Camp |
| 20:43 | Create | Villager (Male) |
| 20:43 | Create | Villager (Male) |
| 20:43 | Create | Villager (Male) |
| 20:44 | Create | Villager (Male) |
| 20:44 | Create | Villager (Male) |
| 20:58 | Create | Villager (Male) |
| 20:58 | Create | Villager (Male) |
| 20:58 | Create | Villager (Male) |
| 20:59 | Create | Villager (Male) |
| 21:03 | Research | Horse Collar |
| 21:18 | Create | Archer |
| 21:19 | Create | Archer |
| 21:19 | Create | Archer |
| 21:20 | Create | Archer |
| 21:21 | Create | Archer |
| 22:03 | Build | University |
| 22:22 | Research | Gold Shaft Mining |
| 22:29 | Create | Villager (Male) |
| 22:40 | Create | Villager (Male) |
| 22:40 | Create | Villager (Male) |
| 23:02 | Build | Archery Range |
| 23:08 | Build | Archery Range |
| 23:32 | Research | Padded Archer Armor |
| 23:33 | Research | Fletching |
| 24:34 | Build | Siege Workshop |
| 24:54 | Create | Archer ×5 |
| 24:55 | Create | Archer ×5 |
| 24:55 | Create | Archer ×5 |
| 24:55 | Create | Archer ×5 |
| 24:55 | Create | Archer ×5 |
| 24:56 | Create | Archer ×5 |
| 25:50 | Create | Battering Ram |
| 25:50 | Create | Battering Ram |
| 26:07 | Research | Crossbowman (upgrade) |
| 26:08 | Research | Thumb Ring |
| 26:12 | Create | Archer |
| 26:30 | Build | Castle |
| 26:51 | Research | Ballistics |
| 27:01 | Create | Spearman |
| 27:02 | Create | Spearman |
| 27:02 | Create | Spearman |
| 27:02 | Create | Spearman |
Build order — Alvarooo18
First 150 of 187 actions detected
| 2:46 | Build | Dock |
| 3:07 | Build | Town Center |
| 3:34 | Create | Fishing Ship ×2 |
| 3:35 | Create | Fishing Ship ×2 |
| 4:01 | Create | Fishing Ship |
| 4:14 | Create | Villager (Male) ×4 |
| 4:14 | Create | Villager (Male) ×4 |
| 4:57 | Create | Villager (Male) |
| 4:59 | Create | Fishing Ship |
| 5:41 | Create | Villager (Male) ×2 |
| 6:04 | Create | Fishing Ship |
| 6:04 | Create | Fishing Ship |
| 6:16 | Create | Villager (Male) ×2 |
| 6:25 | Create | Villager (Male) |
| 6:46 | Create | Villager (Male) |
| 6:46 | Create | Villager (Male) |
| 6:54 | Create | Fishing Ship |
| 7:11 | Create | Villager (Male) ×3 |
| 7:45 | Create | Villager (Male) ×3 |
| 8:07 | Create | Villager (Male) |
| 8:17 | Create | Fishing Ship |
| 8:39 | Create | Villager (Male) ×4 |
| 8:59 | Build | Mill |
| 9:15 | Research | Feudal Age |
| 9:33 | Create | Fishing Ship |
| 11:49 | Age | Feudal Age |
| 11:57 | Build | Market |
| 12:02 | Build | Blacksmith |
| 12:13 | Create | Villager (Male) |
| 12:14 | Create | Villager (Male) |
| 12:31 | Create | Demolition Raft |
| 12:46 | Create | Fishing Ship |
| 12:48 | Research | Castle Age |
| 12:48 | Research | Castle Age |
| 13:27 | Create | Fishing Ship |
| 13:36 | Research | Horse Collar |
| 13:46 | Research | Double-Bit Axe |
| 14:22 | Create | Fishing Ship |
| 14:26 | Create | Fishing Ship |
| 15:43 | Age | Castle Age |
| 15:50 | Build | Town Center |
| 15:57 | Create | Villager (Male) |
| 15:57 | Create | Villager (Male) |
| 15:58 | Create | Villager (Male) |
| 15:58 | Create | Villager (Male) |
| 15:58 | Create | Villager (Male) |
| 15:58 | Create | Villager (Male) |
| 16:06 | Research | Heavy Plow |
| 16:13 | Research | Tech 906 |
| 16:28 | Create | Villager (Male) |
| 16:28 | Create | Villager (Male) |
| 16:29 | Create | Villager (Male) |
| 17:00 | Build | Town Center |
| 17:02 | Create | Villager (Male) |
| 17:02 | Create | Villager (Male) |
| 17:02 | Create | Villager (Male) |
| 17:02 | Create | Villager (Male) |
| 17:02 | Create | Villager (Male) |
| 17:03 | Create | Villager (Male) |
| 17:04 | Create | Villager (Male) |
| 17:36 | Create | Villager (Male) |
| 17:56 | Build | Stone Wall |
| 18:05 | Create | Villager (Male) ×5 |
| 18:13 | Build | Gate |
| 18:16 | Build | Stone Wall |
| 18:20 | Create | Villager (Male) |
| 18:20 | Create | Villager (Male) |
| 18:20 | Create | Villager (Male) |
| 18:21 | Create | Villager (Male) |
| 18:24 | Create | Villager (Male) |
| 18:24 | Create | Villager (Male) |
| 18:25 | Create | Villager (Male) ×5 |
| 18:59 | Create | Villager (Male) |
| 19:00 | Research | Loom |
| 19:03 | Research | Gillnets |
| 19:21 | Create | Villager (Male) |
| 19:22 | Create | Villager (Male) |
| 19:58 | Build | Town Center |
| 20:13 | Build | Stone Wall |
| 20:17 | Create | Villager (Male) |
| 20:17 | Create | Villager (Male) |
| 20:18 | Create | Villager (Male) |
| 20:42 | Build | Mining Camp |
| 21:01 | Create | Villager (Male) |
| 21:02 | Create | Villager (Male) |
| 21:02 | Create | Villager (Male) |
| 21:02 | Create | Villager (Male) |
| 21:02 | Create | Villager (Male) |
| 21:03 | Create | Villager (Male) |
| 21:09 | Create | Villager (Male) |
| 21:10 | Create | Villager (Male) |
| 21:12 | Build | Farm |
| 21:12 | Build | Farm |
| 21:14 | Create | Villager (Male) |
| 21:14 | Create | Villager (Male) |
| 21:18 | Create | Villager (Male) |
| 21:18 | Create | Villager (Male) |
| 21:26 | Build | Gate |
| 21:35 | Research | Stone Mining |
| 21:36 | Research | Gold Mining |
| 21:45 | Build | Palisade Wall |
| 21:50 | Build | Mining Camp |
| 21:56 | Build | Farm |
| 21:56 | Build | Farm |
| 21:56 | Build | Farm |
| 21:56 | Build | Farm |
| 22:07 | Create | Villager (Male) |
| 22:07 | Create | Villager (Male) |
| 22:07 | Create | Villager (Male) |
| 22:27 | Create | Villager (Male) |
| 22:27 | Create | Villager (Male) |
| 22:28 | Create | Villager (Male) |
| 22:28 | Create | Villager (Male) |
| 22:29 | Create | Villager (Male) |
| 22:41 | Build | Stone Wall |
| 22:52 | Build | Farm |
| 22:52 | Build | Farm |
| 22:52 | Build | Farm |
| 22:52 | Build | Farm |
| 22:52 | Build | Farm |
| 23:02 | Build | Castle |
| 23:08 | Research | Gold Shaft Mining |
| 23:15 | Build | Farm |
| 23:32 | Build | Lumber Camp |
| 23:49 | Create | Villager (Male) |
| 23:50 | Create | Villager (Male) |
| 23:50 | Create | Villager (Male) |
| 23:50 | Create | Villager (Male) |
| 23:51 | Create | Villager (Male) |
| 23:59 | Build | Mill |
| 24:01 | Build | Farm |
| 24:01 | Build | Farm |
| 24:01 | Build | Farm |
| 24:02 | Build | Farm |
| 24:02 | Build | Farm |
| 24:35 | Build | Lumber Camp |
| 24:41 | Build | Farm |
| 25:06 | Build | Farm |
| 25:06 | Build | Farm |
| 25:06 | Build | Farm |
| 25:06 | Build | Farm |
| 25:07 | Build | Farm |
| 25:12 | Build | Farm |
| 25:16 | Build | Farm |
| 25:20 | Build | Farm |
| 25:30 | Build | Farm |
| 25:36 | Build | Farm |
| 25:36 | Build | Farm |
| 25:47 | Build | Farm |
| 25:55 | Build | Farm |
Build order — SanjiJose
First 150 of 199 actions detected
| 0:10 | Build | Dock |
| 0:48 | Build | House |
| 1:49 | Build | Town Center |
| 2:35 | Create | Villager (Male) |
| 2:35 | Create | Villager (Male) |
| 2:35 | Create | Villager (Male) |
| 2:35 | Create | Villager (Male) |
| 3:14 | Create | Fishing Ship |
| 3:42 | Create | Villager (Male) |
| 3:46 | Create | Fishing Ship |
| 3:57 | Research | Loom |
| 4:00 | Build | House |
| 4:02 | Build | House |
| 4:03 | Build | House |
| 4:21 | Create | Villager (Male) |
| 4:21 | Create | Villager (Male) |
| 4:50 | Create | Fishing Ship |
| 4:59 | Build | Dock |
| 5:19 | Create | Villager (Male) |
| 5:35 | Build | House |
| 5:36 | Build | House |
| 5:55 | Create | Villager (Male) |
| 6:02 | Create | Villager (Male) |
| 6:19 | Create | Fishing Ship |
| 6:20 | Create | Fishing Ship |
| 6:33 | Create | Fishing Ship |
| 6:33 | Create | Fishing Ship |
| 6:49 | Build | House |
| 6:50 | Build | House |
| 6:52 | Build | House |
| 6:55 | Create | Villager (Male) |
| 7:05 | Create | Villager (Male) |
| 7:11 | Create | Fishing Ship |
| 7:20 | Create | Fishing Ship |
| 7:41 | Build | Lumber Camp |
| 7:45 | Create | Villager (Male) |
| 7:55 | Create | Villager (Male) |
| 8:01 | Create | Fishing Ship |
| 8:15 | Build | House |
| 8:16 | Build | House |
| 8:19 | Create | Villager (Male) |
| 8:23 | Create | Fishing Ship |
| 8:42 | Create | Fishing Ship |
| 8:49 | Build | House |
| 8:50 | Build | House |
| 8:52 | Build | House |
| 8:53 | Build | House |
| 9:02 | Create | Villager (Male) |
| 9:14 | Create | Villager (Male) |
| 9:29 | Create | Fishing Ship |
| 9:29 | Create | Fishing Ship |
| 9:59 | Build | Mill |
| 10:02 | Research | Feudal Age |
| 10:29 | Create | Fishing Ship |
| 10:29 | Create | Fishing Ship |
| 10:34 | Build | Dock |
| 11:23 | Build | Lumber Camp |
| 11:30 | Create | Villager (Male) |
| 11:30 | Create | Villager (Male) |
| 11:36 | Build | House |
| 11:37 | Build | House |
| 12:12 | Age | Feudal Age |
| 12:15 | Build | Market |
| 12:24 | Build | Blacksmith |
| 12:34 | Research | Double-Bit Axe |
| 12:52 | Create | Villager (Male) |
| 13:05 | Build | Barracks |
| 13:14 | Create | Fire Galley ×4 |
| 13:15 | Create | Fire Galley ×4 |
| 13:32 | Research | Castle Age |
| 13:43 | Create | Fire Galley ×2 |
| 13:43 | Create | Fire Galley ×2 |
| 13:54 | Build | Mining Camp |
| 14:12 | Research | Horse Collar |
| 14:16 | Create | Villager (Male) |
| 14:16 | Create | Villager (Male) |
| 14:40 | Create | Fire Galley ×2 |
| 15:56 | Research | Wheelbarrow |
| 16:12 | Age | Castle Age |
| 16:16 | Build | Town Center |
| 16:20 | Create | Villager (Male) |
| 16:21 | Create | Villager (Male) |
| 16:22 | Create | Villager (Male) |
| 16:22 | Create | Villager (Male) |
| 16:24 | Research | Bow Saw |
| 17:36 | Create | Villager (Male) ×5 |
| 17:36 | Create | Villager (Male) ×5 |
| 18:04 | Build | Farm |
| 18:05 | Build | Farm |
| 18:06 | Build | Farm |
| 18:07 | Build | Farm |
| 18:07 | Build | Farm |
| 18:08 | Build | Farm |
| 18:36 | Create | Villager (Male) |
| 18:36 | Create | Villager (Male) |
| 18:47 | Research | Pikeman (upgrade) |
| 18:48 | Create | Spearman |
| 18:48 | Create | Spearman |
| 18:48 | Create | Spearman |
| 18:49 | Create | Spearman |
| 19:46 | Research | Hand Cart |
| 19:47 | Create | Villager (Male) |
| 19:57 | Build | Castle |
| 20:02 | Create | Spearman |
| 20:02 | Create | Spearman |
| 20:09 | Build | Farm |
| 20:24 | Create | Spearman |
| 20:24 | Create | Spearman |
| 20:35 | Create | Villager (Male) |
| 20:35 | Create | Villager (Male) |
| 20:35 | Create | Villager (Male) |
| 20:35 | Create | Villager (Male) |
| 20:47 | Build | Farm |
| 20:48 | Build | Farm |
| 20:49 | Build | Farm |
| 20:50 | Build | Farm |
| 20:52 | Build | Farm |
| 20:53 | Build | Farm |
| 21:02 | Create | Villager (Male) |
| 21:03 | Create | Villager (Male) |
| 21:03 | Create | Villager (Male) |
| 21:19 | Build | Mining Camp |
| 21:31 | Build | Farm |
| 21:53 | Research | Gold Mining |
| 21:56 | Research | Heavy Plow |
| 22:27 | Create | Villager (Male) |
| 22:27 | Create | Villager (Male) |
| 22:28 | Create | Villager (Male) |
| 23:05 | Create | Villager (Male) |
| 23:05 | Create | Villager (Male) |
| 23:05 | Create | Villager (Male) |
| 23:06 | Create | Villager (Male) |
| 23:06 | Create | Villager (Male) |
| 23:07 | Create | Villager (Male) |
| 23:07 | Create | Villager (Male) |
| 23:11 | Build | Town Center |
| 23:29 | Build | Dock |
| 23:50 | Create | Villager (Male) |
| 23:56 | Create | Villager (Male) |
| 23:57 | Create | Villager (Male) |
| 24:22 | Research | Imperial Age |
| 24:26 | Create | Villager (Male) ×2 |
| 24:26 | Create | Villager (Male) ×2 |
| 24:40 | Build | House |
| 24:41 | Build | House |
| 24:42 | Build | House |
| 24:45 | Build | House |
| 24:46 | Build | House |
| 24:47 | Build | House |
| 24:48 | Build | House |
Build order — NIGHTMARE FLARE
89 actions detected in the replay
| 2:01 | Build | Town Center |
| 3:21 | Build | Town Center |
| 4:15 | Build | Dock |
| 4:30 | Create | Villager (Male) ×4 |
| 4:38 | Build | House |
| 4:43 | Research | Loom |
| 4:43 | Create | Villager (Male) |
| 4:44 | Create | Villager (Male) |
| 5:11 | Build | Mill |
| 5:13 | Create | Fishing Ship |
| 5:30 | Build | House |
| 5:34 | Build | House |
| 6:05 | Create | Villager (Male) ×3 |
| 6:52 | Create | Villager (Male) ×2 |
| 7:14 | Create | Villager (Male) |
| 7:27 | Build | Farm |
| 7:37 | Create | Fishing Ship ×5 |
| 8:15 | Create | Villager (Male) ×3 |
| 8:19 | Build | Farm |
| 8:43 | Build | Farm |
| 8:45 | Create | Villager (Male) |
| 9:01 | Build | House |
| 9:21 | Build | Farm |
| 9:31 | Create | Villager (Male) |
| 10:12 | Build | Palisade Gate |
| 10:20 | Build | Palisade Wall |
| 10:29 | Create | Fishing Ship |
| 10:42 | Create | Villager (Male) |
| 10:49 | Build | House |
| 11:33 | Create | Villager (Male) |
| 11:42 | Research | Feudal Age |
| 12:02 | Build | Mining Camp |
| 12:15 | Create | Villager (Male) |
| 12:15 | Create | Villager (Male) |
| 12:40 | Build | House |
| 12:43 | Build | House |
| 14:06 | Build | House |
| 14:07 | Build | House |
| 14:09 | Age | Feudal Age |
| 14:22 | Research | Double-Bit Axe |
| 14:40 | Build | Market |
| 14:49 | Build | Blacksmith |
| 15:10 | Create | Villager (Male) |
| 15:19 | Create | Villager (Male) |
| 15:51 | Research | Castle Age |
| 16:15 | Create | Fire Galley |
| 16:36 | Research | Horse Collar |
| 18:40 | Age | Castle Age |
| 18:47 | Research | Wheelbarrow |
| 18:50 | Build | Town Center |
| 19:00 | Research | Heavy Plow |
| 19:05 | Research | Bow Saw |
| 19:18 | Build | Town Center |
| 20:04 | Research | Hand Cart |
| 20:24 | Create | Villager (Male) |
| 20:35 | Create | Villager (Male) ×5 |
| 20:45 | Build | Farm |
| 20:47 | Build | Farm |
| 20:58 | Build | Farm |
| 21:04 | Build | Farm |
| 21:08 | Build | Farm |
| 21:13 | Build | Farm |
| 21:19 | Build | Farm |
| 21:20 | Build | Farm |
| 21:22 | Create | Villager (Male) ×2 |
| 21:26 | Build | Farm |
| 21:37 | Create | Villager (Male) |
| 21:53 | Create | Villager (Male) ×3 |
| 21:57 | Build | Farm |
| 22:10 | Create | Villager (Male) |
| 22:15 | Build | Farm |
| 22:26 | Create | Villager (Male) |
| 22:29 | Create | Villager (Male) |
| 22:35 | Build | Lumber Camp |
| 22:54 | Create | Villager (Male) ×3 |
| 23:30 | Create | Villager (Male) ×5 |
| 23:59 | Create | Villager (Male) ×5 |
| 24:53 | Build | Castle |
| 25:13 | Research | Fletching |
| 25:52 | Research | Bodkin Arrow |
| 26:08 | Research | Town Watch |
| 26:09 | Create | Villager (Male) ×5 |
| 26:47 | Create | Genoese Crossbowman ×4 |
| 27:22 | Create | Villager (Male) ×5 |
| 27:31 | Build | Mining Camp |
| 27:36 | Research | Padded Archer Armor |
| 27:39 | Create | Genoese Crossbowman ×4 |
| 27:44 | Build | Siege Workshop |
| 27:52 | Create | Villager (Male) ×5 |
Build order — Libo
143 actions detected in the replay
| 0:54 | Build | Mill |
| 3:17 | Build | Town Center |
| 3:26 | Build | House |
| 3:27 | Build | House |
| 4:42 | Research | Loom |
| 4:51 | Create | Villager (Male) |
| 4:51 | Create | Villager (Male) |
| 4:51 | Create | Villager (Male) |
| 4:52 | Create | Villager (Male) |
| 4:52 | Create | Villager (Male) |
| 4:52 | Create | Villager (Male) |
| 4:53 | Create | Villager (Male) |
| 4:53 | Create | Villager (Male) |
| 4:53 | Create | Villager (Male) |
| 4:53 | Create | Villager (Male) |
| 5:07 | Build | Lumber Camp |
| 6:28 | Create | Villager (Male) |
| 6:29 | Create | Villager (Male) |
| 6:29 | Create | Villager (Male) |
| 6:29 | Create | Villager (Male) |
| 6:29 | Create | Villager (Male) |
| 7:47 | Create | Villager (Male) |
| 7:47 | Create | Villager (Male) |
| 7:47 | Create | Villager (Male) |
| 8:30 | Build | House |
| 8:32 | Build | House |
| 10:04 | Build | Mining Camp |
| 10:24 | Create | Villager (Male) |
| 11:14 | Research | Feudal Age |
| 11:14 | Research | Feudal Age |
| 12:40 | Build | House |
| 12:41 | Build | House |
| 13:39 | Age | Feudal Age |
| 13:43 | Build | Blacksmith |
| 13:48 | Build | Market |
| 13:54 | Build | House |
| 13:56 | Build | House |
| 13:59 | Create | Villager (Male) ×5 |
| 14:00 | Create | Villager (Male) ×4 |
| 14:00 | Create | Villager (Male) ×4 |
| 14:09 | Build | Palisade Gate |
| 14:18 | Build | Palisade Wall |
| 14:37 | Build | House |
| 14:40 | Build | Palisade Wall |
| 14:41 | Build | House |
| 15:22 | Build | Mining Camp |
| 15:36 | Build | House |
| 15:38 | Build | House |
| 15:46 | Research | Castle Age |
| 15:47 | Research | Castle Age |
| 16:17 | Build | House |
| 16:35 | Build | House |
| 18:03 | Research | Gold Mining |
| 18:04 | Research | Stone Mining |
| 18:04 | Research | Stone Mining |
| 18:26 | Age | Castle Age |
| 18:43 | Build | Town Center |
| 18:53 | Build | Town Center |
| 19:07 | Build | Town Center |
| 19:09 | Create | Villager (Male) |
| 19:10 | Create | Villager (Male) |
| 19:10 | Create | Villager (Male) |
| 19:10 | Create | Villager (Male) |
| 19:16 | Build | Farm |
| 19:17 | Build | Farm |
| 19:18 | Build | Farm |
| 19:19 | Build | Farm |
| 19:23 | Build | Farm |
| 19:34 | Research | Horse Collar |
| 19:34 | Research | Horse Collar |
| 19:48 | Create | Villager (Male) |
| 19:48 | Create | Villager (Male) |
| 19:59 | Build | Farm |
| 20:00 | Build | Farm |
| 20:01 | Build | Farm |
| 20:04 | Build | Farm |
| 20:11 | Build | Farm |
| 20:12 | Build | Farm |
| 20:14 | Build | Farm |
| 20:15 | Build | Farm |
| 20:25 | Create | Villager (Male) ×4 |
| 20:25 | Create | Villager (Male) ×4 |
| 20:56 | Create | Villager (Male) ×2 |
| 20:56 | Create | Villager (Male) ×2 |
| 21:00 | Build | Farm |
| 21:08 | Create | Villager (Male) |
| 21:08 | Create | Villager (Male) |
| 21:13 | Build | Farm |
| 21:21 | Build | Farm |
| 21:22 | Build | Farm |
| 21:23 | Build | Farm |
| 21:24 | Build | Farm |
| 21:38 | Create | Villager (Male) ×2 |
| 21:38 | Create | Villager (Male) ×2 |
| 21:45 | Build | Farm |
| 22:00 | Create | Villager (Male) ×2 |
| 22:01 | Create | Villager (Male) ×2 |
| 22:12 | Build | Castle |
| 22:18 | Build | Mining Camp |
| 22:20 | Create | Villager (Male) ×2 |
| 22:20 | Create | Villager (Male) ×2 |
| 22:24 | Build | Farm |
| 22:36 | Create | Villager (Male) ×2 |
| 22:36 | Create | Villager (Male) ×2 |
| 22:58 | Create | Villager (Male) ×2 |
| 22:58 | Create | Villager (Male) ×2 |
| 23:01 | Create | Villager (Male) |
| 23:01 | Create | Villager (Male) |
| 23:15 | Create | Villager (Male) |
| 23:15 | Create | Villager (Male) |
| 23:27 | Create | Villager (Male) ×2 |
| 23:28 | Create | Villager (Male) ×2 |
| 23:36 | Build | Lumber Camp |
| 23:40 | Create | Villager (Male) |
| 23:40 | Create | Villager (Male) |
| 23:46 | Build | Farm |
| 23:51 | Create | Villager (Male) |
| 23:52 | Create | Villager (Male) |
| 23:55 | Build | Mining Camp |
| 23:59 | Create | Villager (Male) |
| 23:59 | Create | Villager (Male) |
| 24:01 | Create | Villager (Male) |
| 24:01 | Create | Villager (Male) |
| 24:54 | Create | Villager (Male) ×5 |
| 24:54 | Create | Villager (Male) ×5 |
| 24:55 | Create | Villager (Male) ×2 |
| 25:14 | Build | Barracks |
| 25:20 | Build | Barracks |
| 25:22 | Build | Barracks |
| 25:32 | Create | Villager (Male) ×4 |
| 25:32 | Create | Villager (Male) ×4 |
| 25:34 | Create | Villager (Male) |
| 25:58 | Create | Villager (Male) ×3 |
| 25:59 | Create | Villager (Male) ×3 |
| 26:07 | Build | Barracks |
| 26:37 | Build | Archery Range |
| 26:41 | Build | Archery Range |
| 26:44 | Build | Archery Range |
| 27:30 | Build | Archery Range |
| 27:31 | Build | Archery Range |
| 27:41 | Create | Villager (Male) ×5 |
| 27:41 | Create | Villager (Male) ×5 |
| 27:41 | Create | Villager (Male) ×5 |
Build order — ebag876
First 150 of 183 actions detected
| 1:47 | Build | Town Center |
| 2:08 | Build | House |
| 2:12 | Build | House |
| 3:01 | Build | Dock |
| 3:05 | Create | Villager (Male) |
| 3:05 | Create | Villager (Male) |
| 3:05 | Create | Villager (Male) |
| 3:06 | Create | Villager (Male) |
| 3:18 | Build | Mill |
| 3:41 | Create | Fishing Ship |
| 4:03 | Create | Fishing Ship |
| 4:27 | Create | Villager (Male) |
| 4:33 | Create | Fishing Ship |
| 4:49 | Create | Villager (Male) |
| 5:10 | Create | Fishing Ship |
| 5:18 | Create | Villager (Male) |
| 5:20 | Research | Loom |
| 5:28 | Build | House |
| 5:50 | Build | House |
| 5:57 | Create | Villager (Male) |
| 5:57 | Create | Villager (Male) |
| 5:58 | Create | Villager (Male) |
| 6:07 | Build | Palisade Wall |
| 6:10 | Build | Palisade Wall |
| 6:13 | Build | Palisade Wall |
| 6:16 | Build | Palisade Wall |
| 6:21 | Create | Fishing Ship |
| 6:27 | Build | House |
| 6:35 | Build | Palisade Wall |
| 6:39 | Create | Villager (Male) |
| 6:59 | Create | Villager (Male) |
| 6:59 | Create | Villager (Male) |
| 7:16 | Create | Fishing Ship |
| 7:17 | Create | Fishing Ship |
| 7:42 | Create | Fishing Ship |
| 7:53 | Create | Villager (Male) |
| 7:53 | Create | Villager (Male) |
| 7:54 | Create | Villager (Male) |
| 8:23 | Build | Dock |
| 8:27 | Create | Villager (Male) |
| 8:35 | Build | House |
| 8:57 | Create | Fishing Ship |
| 8:58 | Create | Fishing Ship |
| 9:02 | Create | Fishing Ship |
| 9:54 | Research | Feudal Age |
| 9:57 | Create | Fishing Ship |
| 9:57 | Create | Fishing Ship |
| 10:12 | Create | Fishing Ship |
| 10:16 | Create | Fishing Ship |
| 10:52 | Build | House |
| 10:54 | Build | House |
| 10:55 | Build | House |
| 11:08 | Build | House |
| 11:49 | Build | Lumber Camp |
| 12:11 | Build | Outpost |
| 12:12 | Age | Feudal Age |
| 12:17 | Create | Villager (Male) |
| 12:18 | Create | Villager (Male) |
| 12:23 | Research | Double-Bit Axe |
| 12:31 | Create | Villager (Male) |
| 12:46 | Build | Blacksmith |
| 13:04 | Create | Unit 2626 |
| 13:09 | Create | Unit 2626 |
| 13:21 | Build | Outpost |
| 13:31 | Create | Villager (Male) |
| 13:47 | Create | Unit 2626 |
| 13:49 | Create | Unit 2626 |
| 13:51 | Create | Villager (Male) |
| 13:51 | Create | Villager (Male) |
| 13:51 | Create | Villager (Male) |
| 13:52 | Create | Villager (Male) |
| 14:29 | Build | Market |
| 14:38 | Create | Unit 2626 |
| 14:38 | Create | Unit 2626 |
| 15:02 | Create | Unit 2626 |
| 15:02 | Create | Unit 2626 |
| 15:42 | Create | Unit 2626 |
| 15:42 | Create | Unit 2626 |
| 15:45 | Research | Castle Age |
| 16:21 | Create | Unit 2626 |
| 16:21 | Create | Unit 2626 |
| 17:05 | Build | Mining Camp |
| 17:11 | Build | Barracks |
| 17:35 | Create | Fire Galley |
| 17:35 | Create | Fire Galley |
| 17:54 | Research | Gold Mining |
| 17:54 | Research | Stone Mining |
| 17:59 | Research | Wheelbarrow |
| 18:00 | Research | Town Watch |
| 18:25 | Age | Castle Age |
| 18:48 | Build | Town Center |
| 18:54 | Research | Bow Saw |
| 19:00 | Create | Villager (Male) |
| 19:00 | Create | Villager (Male) |
| 19:07 | Build | Archery Range |
| 19:11 | Build | Stable |
| 19:25 | Research | War Galley (upgrade) |
| 20:04 | Create | Villager (Male) |
| 20:04 | Create | Villager (Male) |
| 20:05 | Create | Villager (Male) |
| 20:38 | Create | Villager (Male) |
| 20:40 | Create | Villager (Male) |
| 20:40 | Create | Villager (Male) |
| 20:41 | Create | Villager (Male) |
| 20:45 | Build | House |
| 20:46 | Build | House |
| 20:46 | Build | House |
| 20:47 | Build | House |
| 20:48 | Research | Husbandry |
| 20:50 | Research | Thumb Ring |
| 20:51 | Create | Cavalry Archer |
| 20:54 | Research | Fletching |
| 20:57 | Create | Villager (Male) |
| 20:57 | Create | Villager (Male) |
| 21:09 | Create | Fishing Ship |
| 21:09 | Create | Fishing Ship |
| 21:43 | Build | Archery Range |
| 21:47 | Create | Cavalry Archer ×4 |
| 22:09 | Create | Villager (Male) |
| 22:10 | Create | Villager (Male) |
| 22:10 | Create | Villager (Male) |
| 22:19 | Research | Hand Cart |
| 22:20 | Create | Villager (Male) |
| 22:30 | Build | House |
| 23:00 | Build | Castle |
| 23:05 | Create | Cavalry Archer |
| 23:05 | Create | Cavalry Archer |
| 23:06 | Create | Cavalry Archer |
| 23:22 | Build | House |
| 23:22 | Build | House |
| 23:23 | Build | House |
| 23:23 | Build | House |
| 23:24 | Build | House |
| 23:24 | Build | House |
| 23:25 | Create | Villager (Male) |
| 23:25 | Create | Villager (Male) |
| 23:25 | Create | Villager (Male) |
| 23:26 | Create | Villager (Male) |
| 23:26 | Create | Villager (Male) |
| 24:08 | Create | Villager (Male) |
| 24:08 | Create | Villager (Male) |
| 24:08 | Create | Villager (Male) |
| 24:09 | Create | Villager (Male) |
| 24:30 | Create | Villager (Male) |
| 24:30 | Create | Villager (Male) |
| 24:30 | Create | Villager (Male) |
| 24:39 | Create | War Wagon |
| 24:39 | Create | War Wagon |
| 24:40 | Create | War Wagon |
| 24:40 | Create | War Wagon |
Build order — uliiisssesss
First 150 of 156 actions detected
| 1:14 | Build | Dock |
| 2:06 | Create | Fishing Ship |
| 2:06 | Create | Fishing Ship |
| 2:07 | Create | Fishing Ship |
| 2:07 | Create | Fishing Ship |
| 2:07 | Create | Fishing Ship |
| 2:12 | Build | House |
| 2:53 | Build | Town Center |
| 3:13 | Create | Fishing Ship |
| 3:13 | Create | Fishing Ship |
| 3:38 | Create | Fishing Ship |
| 3:38 | Create | Fishing Ship |
| 3:59 | Create | Villager (Male) |
| 3:59 | Create | Villager (Male) |
| 3:59 | Create | Villager (Male) |
| 4:00 | Create | Villager (Male) |
| 4:00 | Create | Villager (Male) |
| 4:19 | Research | Loom |
| 4:41 | Create | Fishing Ship |
| 4:41 | Create | Fishing Ship |
| 5:22 | Create | Fishing Ship |
| 5:22 | Create | Fishing Ship |
| 5:35 | Create | Villager (Male) |
| 5:36 | Create | Villager (Male) |
| 5:36 | Create | Villager (Male) |
| 5:36 | Create | Villager (Male) |
| 5:43 | Build | House |
| 6:03 | Create | Villager (Male) |
| 6:03 | Create | Villager (Male) |
| 6:11 | Create | Fishing Ship |
| 6:12 | Create | Fishing Ship |
| 6:15 | Build | House |
| 6:43 | Build | House |
| 6:45 | Create | Fishing Ship |
| 6:45 | Create | Fishing Ship |
| 6:49 | Create | Villager (Male) |
| 6:49 | Create | Villager (Male) |
| 6:50 | Create | Villager (Male) |
| 6:50 | Create | Villager (Male) |
| 7:08 | Create | Fishing Ship |
| 7:08 | Create | Fishing Ship |
| 7:57 | Build | Dock |
| 8:01 | Create | Villager (Male) |
| 8:15 | Create | Fishing Ship |
| 8:27 | Create | Villager (Male) |
| 8:52 | Create | Fishing Ship |
| 8:52 | Create | Fishing Ship |
| 9:10 | Create | Fishing Ship |
| 9:12 | Create | Fishing Ship |
| 9:32 | Research | Feudal Age |
| 9:48 | Build | Mining Camp |
| 9:53 | Create | Villager (Male) |
| 9:54 | Create | Villager (Male) |
| 10:25 | Build | House |
| 10:26 | Build | House |
| 10:28 | Build | House |
| 10:45 | Build | Dock |
| 11:17 | Create | Villager (Male) |
| 11:17 | Create | Villager (Male) |
| 11:42 | Age | Feudal Age |
| 11:46 | Create | Fire Galley |
| 11:46 | Create | Fire Galley |
| 11:46 | Create | Fire Galley |
| 11:47 | Create | Fire Galley |
| 11:47 | Create | Fire Galley |
| 12:02 | Research | Gold Mining |
| 12:09 | Research | Double-Bit Axe |
| 12:32 | Create | Fire Galley |
| 12:32 | Create | Fire Galley |
| 12:38 | Create | Villager (Male) |
| 12:39 | Create | Villager (Male) |
| 12:39 | Create | Villager (Male) |
| 12:39 | Create | Villager (Male) |
| 12:40 | Create | Villager (Male) |
| 12:40 | Create | Villager (Male) |
| 13:08 | Create | Fire Galley |
| 13:09 | Create | Fire Galley |
| 13:09 | Create | Fire Galley |
| 13:18 | Create | Villager (Male) |
| 13:18 | Create | Villager (Male) |
| 13:29 | Create | Fire Galley |
| 13:29 | Create | Fire Galley |
| 13:29 | Create | Fire Galley |
| 13:50 | Create | Fire Galley |
| 13:50 | Create | Fire Galley |
| 13:55 | Create | Villager (Male) |
| 13:56 | Create | Villager (Male) |
| 14:36 | Create | Fire Galley |
| 14:37 | Create | Fire Galley |
| 14:37 | Create | Fire Galley |
| 14:37 | Create | Fire Galley |
| 14:37 | Create | Fire Galley |
| 15:05 | Create | Fire Galley |
| 15:05 | Create | Fire Galley |
| 15:05 | Create | Fire Galley |
| 15:05 | Create | Fire Galley |
| 15:08 | Create | Villager (Male) |
| 15:09 | Create | Villager (Male) |
| 15:16 | Build | House |
| 15:47 | Create | Fire Galley |
| 15:48 | Create | Fire Galley |
| 15:48 | Create | Fire Galley |
| 15:48 | Create | Fire Galley |
| 16:15 | Build | Dock |
| 16:30 | Create | Fire Galley |
| 16:30 | Create | Fire Galley |
| 16:30 | Create | Fire Galley |
| 16:31 | Create | Fire Galley |
| 16:37 | Create | Villager (Male) |
| 16:38 | Create | Villager (Male) |
| 16:38 | Create | Villager (Male) |
| 16:40 | Research | Town Watch |
| 16:54 | Build | Dock |
| 17:10 | Create | Demolition Raft |
| 17:10 | Create | Demolition Raft |
| 17:21 | Create | Demolition Raft |
| 17:22 | Create | Demolition Raft |
| 17:22 | Create | Demolition Raft |
| 17:26 | Create | Demolition Raft |
| 17:26 | Create | Demolition Raft |
| 17:26 | Create | Demolition Raft |
| 17:50 | Create | Villager (Male) |
| 17:50 | Create | Villager (Male) |
| 17:55 | Build | Blacksmith |
| 18:02 | Build | Mill |
| 18:33 | Create | Demolition Raft |
| 18:33 | Create | Demolition Raft |
| 18:42 | Create | Demolition Raft |
| 18:43 | Create | Demolition Raft |
| 18:49 | Build | House |
| 18:59 | Build | Market |
| 19:18 | Build | Lumber Camp |
| 19:40 | Create | Demolition Raft |
| 19:41 | Create | Demolition Raft |
| 19:41 | Create | Demolition Raft |
| 19:42 | Create | Demolition Raft |
| 19:54 | Build | House |
| 20:15 | Create | Villager (Male) |
| 20:15 | Create | Villager (Male) |
| 20:17 | Create | Demolition Raft |
| 20:49 | Create | Villager (Male) |
| 21:07 | Build | Dock |
| 21:12 | Build | Dock |
| 21:19 | Create | Demolition Raft |
| 21:19 | Create | Demolition Raft |
| 21:19 | Create | Demolition Raft |
| 21:20 | Create | Demolition Raft |
| 21:20 | Create | Demolition Raft |
| 21:29 | Create | Villager (Male) |
| 21:29 | Create | Villager (Male) |
Build order — 肥肥鲨
First 150 of 228 actions detected
| 0:10 | Build | House |
| 0:11 | Build | House |
| 0:52 | Build | House |
| 0:56 | Build | Dock |
| 1:52 | Build | Town Center |
| 2:51 | Create | Villager (Male) |
| 2:51 | Create | Villager (Male) |
| 2:52 | Create | Villager (Male) |
| 3:06 | Create | Villager (Male) |
| 3:07 | Create | Villager (Male) |
| 3:09 | Create | Fishing Ship |
| 3:09 | Create | Fishing Ship |
| 3:37 | Create | Villager (Male) |
| 4:00 | Create | Fishing Ship |
| 4:10 | Create | Villager (Male) |
| 4:11 | Create | Villager (Male) |
| 4:25 | Create | Fishing Ship |
| 4:48 | Create | Villager (Male) |
| 4:48 | Create | Villager (Male) |
| 4:49 | Create | Villager (Male) |
| 4:49 | Create | Villager (Male) |
| 5:03 | Create | Villager (Male) |
| 5:29 | Build | Mill |
| 5:41 | Create | Villager (Male) |
| 6:17 | Build | House |
| 6:18 | Build | House |
| 6:19 | Create | Fishing Ship |
| 6:56 | Create | Villager (Male) |
| 6:57 | Create | Fishing Ship |
| 7:45 | Create | Fishing Ship |
| 7:56 | Create | Villager (Male) |
| 7:56 | Create | Villager (Male) |
| 8:10 | Research | Feudal Age |
| 8:17 | Create | Fishing Ship |
| 8:37 | Create | Fishing Ship |
| 8:51 | Build | House |
| 8:53 | Build | House |
| 9:39 | Age | Feudal Age |
| 9:44 | Research | Loom |
| 9:44 | Create | Villager (Male) |
| 9:45 | Create | Villager (Male) |
| 10:01 | Build | Market |
| 10:16 | Research | Double-Bit Axe |
| 10:33 | Build | Blacksmith |
| 10:45 | Research | Double-Bit Axe |
| 11:20 | Create | Villager (Male) |
| 11:20 | Create | Villager (Male) |
| 11:51 | Research | Castle Age |
| 11:51 | Research | Castle Age |
| 11:51 | Research | Castle Age |
| 11:51 | Research | Castle Age |
| 12:53 | Build | Dock |
| 13:27 | Age | Castle Age |
| 13:33 | Create | Unit 2626 |
| 13:34 | Create | Unit 2626 |
| 13:40 | Research | War Galley (upgrade) |
| 13:56 | Create | Unit 2626 |
| 13:56 | Create | Unit 2626 |
| 14:04 | Create | Villager (Male) |
| 14:04 | Create | Villager (Male) |
| 14:05 | Create | Villager (Male) |
| 14:22 | Create | Unit 2626 |
| 15:19 | Create | Unit 2626 |
| 15:19 | Create | Unit 2626 |
| 15:20 | Create | Villager (Male) |
| 15:20 | Create | Villager (Male) |
| 15:42 | Create | Unit 2626 |
| 15:42 | Create | Unit 2626 |
| 15:42 | Create | Unit 2626 |
| 15:44 | Create | Villager (Male) |
| 15:44 | Create | Villager (Male) |
| 15:44 | Create | Villager (Male) |
| 15:55 | Build | House |
| 15:55 | Build | House |
| 15:55 | Build | House |
| 16:17 | Create | Villager (Male) |
| 16:18 | Create | Villager (Male) |
| 16:58 | Create | Fishing Ship |
| 16:58 | Create | Fishing Ship |
| 16:59 | Create | Villager (Male) |
| 17:00 | Create | Villager (Male) |
| 17:05 | Build | Dock |
| 17:10 | Build | House |
| 17:11 | Build | House |
| 17:11 | Build | House |
| 17:11 | Build | House |
| 17:12 | Create | Villager (Male) |
| 17:46 | Create | Villager (Male) |
| 17:46 | Create | Villager (Male) |
| 17:47 | Create | Villager (Male) |
| 18:03 | Build | Town Center |
| 18:30 | Create | Fishing Ship |
| 18:31 | Create | Fishing Ship |
| 18:36 | Build | House |
| 18:37 | Build | House |
| 18:37 | Build | House |
| 18:53 | Research | Tech 906 |
| 19:21 | Research | Wheelbarrow |
| 19:22 | Create | Villager (Male) |
| 19:22 | Create | Villager (Male) |
| 19:22 | Create | Villager (Male) |
| 19:42 | Create | Fishing Ship |
| 19:42 | Create | Fishing Ship |
| 19:51 | Create | Fishing Ship |
| 19:51 | Create | Fishing Ship |
| 20:20 | Create | Villager (Male) |
| 20:20 | Create | Villager (Male) |
| 20:20 | Create | Villager (Male) |
| 20:21 | Create | Villager (Male) |
| 20:33 | Build | Mining Camp |
| 20:42 | Research | Gillnets |
| 20:46 | Build | Fish Trap |
| 20:47 | Build | Fish Trap |
| 21:07 | Create | Villager (Male) |
| 21:07 | Create | Villager (Male) |
| 21:08 | Create | Villager (Male) |
| 21:19 | Build | Lumber Camp |
| 21:27 | Build | Barracks |
| 21:33 | Create | Fishing Ship |
| 21:34 | Create | Fishing Ship |
| 21:34 | Create | Fishing Ship |
| 21:40 | Build | House |
| 21:40 | Build | House |
| 21:41 | Build | House |
| 21:41 | Build | House |
| 21:41 | Build | House |
| 21:41 | Build | House |
| 21:42 | Build | House |
| 22:04 | Build | Fish Trap |
| 22:06 | Build | Fish Trap |
| 22:11 | Create | Fishing Ship |
| 22:11 | Create | Fishing Ship |
| 22:13 | Create | Villager (Male) |
| 22:13 | Create | Villager (Male) |
| 22:25 | Create | Fishing Ship |
| 22:32 | Research | Bow Saw |
| 22:34 | Create | Villager (Male) |
| 22:34 | Create | Villager (Male) |
| 22:37 | Build | House |
| 22:37 | Build | House |
| 22:38 | Build | House |
| 22:38 | Build | House |
| 22:38 | Build | House |
| 22:49 | Create | Villager (Male) |
| 22:49 | Create | Villager (Male) |
| 22:56 | Build | Lumber Camp |
| 23:05 | Build | Archery Range |
| 23:06 | Build | Archery Range |
| 23:08 | Research | Fletching |
| 23:15 | Create | Fishing Ship |
Match timeline
| 0:10 | SanjiJose · first_building Dock |
| 0:56 | 肥肥鲨 · first_building Dock |
| 1:14 | uliiisssesss · first_building Dock |
| 1:31 | Chocapic · first_building Dock |
| 2:46 | Alvarooo18 · first_building Dock |
| 3:01 | ebag876 · first_building Dock |
| 4:15 | NIGHTMARE FLARE · first_building Dock |
| 6:07 | ebag876 · wall_segment Palisade Wall x4 |
| 6:10 | ebag876 · wall_segment Palisade Wall x4 |
| 6:13 | ebag876 · wall_segment Palisade Wall x5 |
| 6:16 | ebag876 · wall_segment Palisade Wall x4 |
| 6:35 | ebag876 · wall_segment Palisade Wall x1 |
| 9:39 | 肥肥鲨 · age_up feudal |
| 10:20 | NIGHTMARE FLARE · wall_segment Palisade Wall x1 |
| 11:42 | uliiisssesss · age_up feudal |
| 11:43 | Chocapic · age_up feudal |
| 11:49 | Alvarooo18 · age_up feudal |
| 12:12 | SanjiJose · age_up feudal |
| 12:12 | ebag876 · age_up feudal |
| 13:05 | SanjiJose · first_building Barracks |
| 13:27 | 肥肥鲨 · age_up castle |
| 13:39 | Libo · age_up feudal |
| 14:09 | NIGHTMARE FLARE · age_up feudal |
| 14:18 | Libo · wall_segment Palisade Wall x18 |
| 14:40 | Libo · wall_segment Palisade Wall x9 |
| 15:43 | Alvarooo18 · age_up castle |
| 16:03 | Chocapic · first_building Barracks |
| 16:12 | SanjiJose · age_up castle |
| 17:11 | ebag876 · first_building Barracks |
| 17:56 | Alvarooo18 · wall_segment Stone Wall x3 |
| 18:16 | Alvarooo18 · wall_segment Stone Wall x4 |
| 18:25 | ebag876 · age_up castle |
| 18:26 | Chocapic · age_up castle |
| 18:26 | Libo · age_up castle |
| 18:40 | NIGHTMARE FLARE · age_up castle |
| 18:53 | Chocapic · first_building Archery Range |
| 19:07 | ebag876 · first_building Archery Range |
| 19:11 | ebag876 · first_building Stable |
| 19:57 | SanjiJose · first_building Castle |
| 20:13 | Alvarooo18 · wall_segment Stone Wall x12 |
| 20:20 | Libo · first_market_buy 500 food |
| 21:27 | 肥肥鲨 · first_building Barracks |
| 21:45 | Alvarooo18 · wall_segment Palisade Wall x1 |
| 22:12 | Libo · first_building Castle |
| 22:39 | uliiisssesss · first_market_sell 100 wood |
| 22:41 | Alvarooo18 · wall_segment Stone Wall x1 |
| 22:43 | uliiisssesss · first_market_buy 100 food |
| 23:00 | ebag876 · first_building Castle |
| 23:02 | Alvarooo18 · first_building Castle |
| 23:05 | 肥肥鲨 · first_building Archery Range |
| 23:34 | uliiisssesss · first_building Barracks |
| 24:22 | uliiisssesss · resign |
| 24:34 | Chocapic · first_building Siege Workshop |
| 24:39 | 肥肥鲨 · first_market_buy 100 stone |
| 24:45 | NIGHTMARE FLARE · first_market_sell 500 wood |
| 24:46 | NIGHTMARE FLARE · first_market_buy 500 stone |
| 24:53 | NIGHTMARE FLARE · first_building Castle |
| 25:10 | 肥肥鲨 · first_building Castle |
| 25:14 | Libo · first_building Barracks |
| 25:32 | ebag876 · first_building Siege Workshop |
| 26:02 | Alvarooo18 · first_building Barracks |
| 26:14 | 肥肥鲨 · first_building Siege Workshop |
| 26:30 | Alvarooo18 · first_building Stable |
| 26:30 | Chocapic · first_building Castle |
| 26:37 | Libo · first_building Archery Range |
| 27:00 | Alvarooo18 · wall_segment Stone Wall x1 |
| 27:32 | SanjiJose · age_up imperial |
| 27:44 | NIGHTMARE FLARE · first_building Siege Workshop |
| 27:53 | Libo · first_market_sell 500 stone |
[ AI ANALYSIS · 1 CREDIT ]
What really happened in this match?
Wolo.gg analyzes every decision: build order, eco, micro, common mistakes by bracket. Personalized analysis on WhatsApp or Discord in 30 seconds.
Civ guide
Ethiopians
Perfil
Jugador #9617079